 Dungeon Crawl Stone Soup version 0.32-a0-893-gf85d74f360 (webtiles) character file.

Game seed: 8211882786643987252

17 nel the Poker (level 2, 0/23 HPs)
             Began as a Merfolk Gladiator on Apr 3, 2024.
             Slain by a cerulean imp
             ... wielding a +2 spear
             ... summoned by Natasha
              (6 damage)
             ... on level 2 of the Dungeon.
             The game lasted 00:03:00 (804 turns).

nel the Poker (Merfolk Gladiator)                    Turns: 804, Time: 00:03:01

Health: 0/23       AC:  5    Str: 14    XL:     2   Next: 62%
Magic:  2/2        EV: 12    Int:  7    God:
Gold:   46         SH:  0    Dex: 15    Spells: 1/1 levels left

rFire   . . .        a - +0 trident
rCold   . . .        (no shield)
rNeg    . . .        b - +0 leather armour
rPois   .            c - +0 helmet
rElec   .            (no cloak)
rCorr   .            (no gloves)
SInv    .            j - +0 pair of boots
Will    .....        (no amulet)
Stlth   +            (no ring)
HPRegen 0.23/turn    (no ring)
MPRegen 0.08/turn

%: no passive effects
@: no status effects
A: (nimble swimmer 2), mertail
a: no special abilities


You were on level 2 of the Dungeon.
You visited 1 branch of the dungeon, and saw 2 of its levels.

You collected 46 gold pieces.

Inventory:

Hand Weapons
 a - a +0 trident (weapon)
Missiles
 d - 3 throwing nets (quivered)
 e - a javelin
Armour
 b - a +0 leather armour (worn)
 c - a +0 helmet (worn)
 j - a +0 pair of boots (worn)
Talismans
 i - a flux talisman
Scrolls
 f - a scroll of identify {unknown}
 g - a scroll of amnesia {unknown}
Potions
 h - a potion of curing {unknown}


   Skills:
 + Level 2.5 Fighting
 * Level 4.6 Polearms
 - Level 2.0 Throwing
 + Level 4.3 Dodging


You had one spell level left.
You didn't know any spells.
Your spell library contained the following spells:

 Spells                   Type           Power      Damage    Failure   Level
 Ensorcelled Hibernation  Hex/Ice        0%         N/A       65%         2
 Fugue of the Fallen      Necr           0%         N/A       87%         3
 Anguish                  Hex/Necr       0%         N/A       99%         4


Dungeon Overview and Level Annotations

Branches:
Dungeon (2/15)

Altars:

Annotations:
D:2 Natasha


Innate Abilities, Weirdness & Mutations

((You are very nimble when in or above water. (Stealth+, EV+, Speed+++)))
Your lower body shifts to a powerful aquatic tail in water.


Message History

You hit the jackal.
The jackal is heavily wounded.
The jackal barely misses you.
You hit the jackal.
The jackal is almost dead.
The jackal bites you but does no damage.
Natasha casts a spell.
The jackal bites you but does no damage.
You hit the jackal.
You kill the jackal!
Natasha stares at you and mumbles some strange words.
You resist with significant effort.
You reach to attack!
You hit Natasha but do no damage. You miss Natasha.
Natasha mewls in sadness.
Natasha claws you but does no damage.
The cerulean imp hits you from afar with a +2 spear.
Natasha barely misses you.
You closely miss Natasha.
The cerulean imp disappears in a puff of smoke!
The cerulean imp hits you from afar with a +2 spear.
Natasha claws you. The cerulean imp barely misses you.
You puncture Natasha!
Natasha is heavily wounded.
Natasha closely misses you.
The cerulean imp hits you from afar with a +2 spear.
You hit Natasha but do no damage.
Natasha is heavily wounded.
Natasha claws you but does no damage.
The cerulean imp hits you from afar with a +2 spear.
You hit Natasha.
Natasha is heavily wounded.
Natasha claws you.
* * * LOW HITPOINT WARNING * * *
The cerulean imp misses you.
You hit Natasha but do no damage.
Natasha is heavily wounded.
Natasha mumbles some strange words.
The cerulean imp hits you from afar with a +2 spear.
You die...

##+##........# #.#
.#.##........# #.#
# .#.##........#
#.###.
.#.##........#
#....
.#.##...#+#### #..#
.#.####.#)######..#
.................>#
##.####.#.######..#
##.# #.#.# #.5@†#
##.# #.#.#....##h#
##.####.#.#.##. 5#
+.......#.# # 5.
###.#####.# ... #.#
#.# !#.. #.# #.#
.!..# #.# #.. ..$..
#.#


You could see Natasha and 3 cerulean imps.

Vanquished Creatures
  An endoplasm (D:1)
  2 goblins (D:1)
  2 hobgoblins (D:1)
  4 jackals (D:2)
  A ball python (D:2)
  2 bats (D:1)
  2 frilled lizards
  2 kobolds (D:1)
16 creatures vanquished.

Notes
Turn   | Place    | Note
-------+----------+-------------------------------------------
     0 | D:1      | nel the Merfolk Gladiator began the quest for the Orb.
     0 | D:1      | Reached XP level 1. HP: 16/16 MP: 1/1
   219 | D:1      | Reached XP level 2. HP: 23/23 MP: 2/2
   772 | D:2      | Noticed Natasha
   804 | D:2      | Slain by a cerulean imp

Illustrated notes

Levels and vault maps discovered:
D:1:      wander_arrival_lonely_grave, layout_basic, amethyst_killhole
D:2:      layout_basic, minmay_distorted, uniq_robin, uniq_terence, uniq_natasha

Action                     || total
---------------------------++-------
  Melee: Trident           ||    65
   Stab: Distracted        ||     1
 Armour: Leather armour    ||    41
  Dodge: Dodged            ||    56

Table legend: (Time is in decaauts)
 A = Elapsed time spent in this place.
 B = Non-inter-level travel time spent in this place.
 C = Inter-level travel time spent in this place.
 D = Time resting spent in this place.
 E = Time spent auto-exploring this place.
 F = Levels seen in this place.
 G = Mean time per level.
                   A        B        C        D        E       F      G
               +--------+--------+--------+--------+--------+-----+--------+
         Total |    809 |    776 |     33 |      0 |    616 |   2 |  404.5 |
       Dungeon |    809 |    776 |     33 |      0 |    616 |   2 |  404.5 |
               +--------+--------+--------+--------+--------+-----+--------+

Top non-repeatable levels by time:
     D:1: 731 daAuts
     D:2: 77 daAuts
